 Dungeon Crawl Stone Soup version 0.30-a0-883-g5ad918d77d (webtiles) character file.

Game seed: 2458107582046252210

44557 Newt the Markskobold (level 14, -10/77 HPs)
             Began as a Kobold Hunter on Mar 15, 2023.
             Was an Elder of Hepliaklqana.
             Mangled by a cane toad (22 damage)
             ... on level 5 of the Lair of Beasts.
             The game lasted 00:22:00 (21328 turns).

Newt the Markskobold (Kobold Hunter)               Turns: 21328, Time: 00:22:01

Health: -10/77     AC: 11    Str: 10    XL:     14   Next: 66%
Magic:  24/24      EV: 27    Int: 13    God:    Hepliaklqana [****..]
Gold:   4351       SH: 18    Dex: 22    Spells: 25/27 levels left

rFire   . . .      SeeInvis +    z - +3 sling (drain)
rCold   . . .      Faith    .    r - +3 warlock's mirror {omnireflect}
rNeg    . . .      Spirit   .    i - +0 steam dragon scales
rPois   +          Reflect  +    (helmet restricted)
rElec   .          Rampage  .    G - +0 cloak
rCorr   .          Harm     + .  (no gloves)
Will    ++...                    Z - +3 pair of boots of Fortification {Harm *Slow Will+ Regen+}
Stlth   +++                      L - amulet of reflection
HPRegen 0.00/turn                w - ring "Giozxul" {rPois Int+3 SInv}
MPRegen 0.19/turn                Q - +5 ring of evasion

@: inhibited regen, slowed, very slow
A: reduced essence, small, no large weapons, nightstalker 3, horns 1, large bone
plates 1, inhibited regeneration, evolution 1
a: Renounce Religion, Recall Ancestor, Ancestor Identity, Transference, Idealise


You were on level 5 of the Lair of Beasts.
You worshipped Hepliaklqana.
Hepliaklqana was greatly pleased with you.
You visited 3 branches of the dungeon, and saw 17 of its levels.

You collected 4351 gold pieces.

Inventory:

Hand Weapons
 a - a +0 shortbow
 z - a +3 sling of draining (weapon)
Armour
 i - +0 steam dragon scales (worn)
 r - the +3 warlock's mirror (worn) {omnireflect}
   (You acquired it on level 3 of the Dungeon)

   Omnireflect: It can block and reflect piercing ranged attacks and magical
   attacks against the wielder's willpower.
 G - a +0 cloak (worn)
 Z - the +3 pair of boots of Fortification (worn) {Harm *Slow Will+ Regen+}
   (You found it on level 4 of the Lair of Beasts)

   Regen:     It increases your rate of health regeneration.
   *Slow:     It may slow you when you take damage.
   Harm:      It increases damage dealt and taken.
   Will:      It increases your willpower.
Jewellery
 e - a ring of fire
 h - an amulet of the acrobat
 p - a ring of positive energy
 w - the ring "Giozxul" (left hand) {rPois Int+3 SInv}
   (You found it on level 4 of the Dungeon)

   [ring of see invisible]

   Int:       It affects your intelligence (+3).
   rPois:     It protects you from poison.
   SInv:      It lets you see invisible.
 C - a ring of protection from fire
 L - an amulet of reflection (around neck)
 O - a ring of protection from fire
 P - a ring of poison resistance
 Q - a +5 ring of evasion (right hand)
Wands
 l - a wand of light (9)
 A - a wand of digging (7)
 D - a wand of charming (8)
 F - a wand of polymorph (16)
 R - a wand of flame (28)
Scrolls
 b - 4 scrolls of immolation
 c - a scroll of noise
 k - 2 scrolls of poison
 q - a scroll of teleportation
 x - 4 scrolls of blinking
 y - 4 scrolls of fog
 K - 3 scrolls of magic mapping
 W - a scroll of fear
 X - a scroll of enchant armour
Potions
 d - 2 potions of ambrosia
 f - a potion of magic
 g - 3 potions of flight
 j - 2 potions of brilliance
 m - a potion of invisibility
 o - a potion of lignification {unknown}
 s - 5 potions of mutation
 t - 2 potions of might
 v - 6 potions of curing
 E - a potion of haste
 H - 2 potions of berserk rage
 J - 2 potions of resistance
 U - a potion of heal wounds
Miscellaneous
 n - a tin of tremorstones (2/2)
 S - a phial of floods


   Skills:
 - Level 9.0 Fighting
 - Level 20.0 Ranged Weapons
 - Level 4.0 Armour
 - Level 10.0 Dodging
 - Level 1.3 Stealth
 - Level 5.0 Shields
 - Level 7.3 Spellcasting
 - Level 7.3 Transmutations
 * Level 8.1 Invocations
 - Level 6.0 Evocations


You had 25 spell levels left.
You knew the following spells:

 Your Spells              Type           Power      Damage    Failure   Level
a - Wereblood             Tmut           23%        N/A       1%          2

Your spell library contained the following spells:

 Spells                   Type           Power      Damage    Failure   Level
 Beastly Appendage        Tmut           46%        N/A       1%          1
 Passwall                 Tmut/Erth      11%        N/A       8%          2
 Spider Form              Tmut/Pois      14%        N/A       14%         3
 Foxfire                  Conj/Fire      16%        2x1d4     22%         1
 Necrotise                Necr           16%        1d4       22%         1
 Ensorcelled Hibernation  Hex/Ice        8%         N/A       32%         2
 Ice Form                 Ice/Tmut       14%        N/A       43%         4
 Hailstorm                Conj/Ice       4%         3d4       54%         3
 Inner Flame              Hex/Fire       4%         N/A       54%         3
 Swiftness                Air            4%         N/A       54%         3
 Vampiric Draining        Necr           4%         2d6       54%         3
 Flame Wave               Conj/Fire      4%         2d5       91%         4
 Sticky Flame             Conj/Fire      4%         2d3       91%         4
 Agony                    Necr           4%         N/A       99%         5
 Fireball                 Conj/Fire      2%         3d4       99%         5
 Conjure Ball Lightning   Conj/Air       2%         3x3d6     100%        6
 Simulacrum               Ice/Necr       2%         N/A       100%        6
 Starburst                Conj/Fire      2%         6d3       100%        6
 Discord                  Hex            2%         N/A       100%        8
 Disjunction              Tloc           2%         N/A       100%        8


Dungeon Overview and Level Annotations

Branches:
Dungeon (11/15)            Temple (1/1) D:6            Lair (5/5) D:9
  Swamp (0/4) Lair:3       Spider (0/4) Lair:2          Orc (0/2) D:9
  Slime: Lair:4-5

Altars:
Ashenzari
Cheibriados
Dithmenos
Elyvilon
Fedhas
Gozag
Hepliaklqana
Kikubaaqudgha
Makhleb
Nemelex Xobeh
Okawaru
Qazlal
Ru
Sif Muna
Trog
Uskayaw
Vehumet
Wu Jian
Xom
Yredelemnul
Zin
The Shining One

Annotations:
D:6 3 runed translucent doors
D:8 1 transporter


Innate Abilities, Weirdness & Mutations

Your life essence is reduced to manifest your ancestor. (-10% HP)
You are small and have problems with some larger weapons.
You are completely attuned to the shadows.
You have a pair of small horns on your head.
You are partially covered in large bone plates. (SH +4)
You do not regenerate when monsters are visible.
You have hidden genetic potential.


Message History

You block the wolf's attack. x2
The spriggan hits you with a +0 short sword.
The wolf completely misses you.
You shoot a sling bullet. The sling bullet hits the spriggan!
You feel a bit better.
You kill the spriggan!
The wolf completely misses you. You block the wolf's attack.
The wolf completely misses you. You block the wolf's attack. x2
Unknown command.
You shoot a sling bullet.
The sling bullet barely misses the wolf.
You hear a shout!
The wolf closely misses you. You block the wolf's attack.
The wolf closely misses you. You block the wolf's attack. The wolf bites you.
* * * LOW HITPOINT WARNING * * *
The cane toad misses you.
You shoot a sling bullet. The sling bullet hits the wolf.
You drain the wolf.
The wolf is heavily wounded.
Your primal bloodlust has ended.
You block the wolf's attack. The wolf completely misses you.
You block the wolf's attack. The wolf barely misses you.
The wolf closely misses you.
Unknown command.
You shoot a sling bullet. The sling bullet misses the wolf.
The wolf completely misses you. The wolf closely misses you.
The wolf misses you. The cane toad closely misses you.
The wolf completely misses you. You block the wolf's attack.
The wolf bites you!
* * * LOW HITPOINT WARNING * * *
You feel yourself slow down.
You shoot a sling bullet.
The sling bullet barely misses the wolf.
You hear an angry buzzing noise.
You block the wolf's attack. x2
The cane toad stings you but does no damage.
The wolf bites you but does no damage. The wolf barely misses you.
The wolf closely misses you.
The wolf pauses to sniff the ground.
The wolf completely misses you. The cane toad stings you!!
You die...

♣. .........♣♣ ♣♣ ..........♣
♣ ..........♣♣♣♣ ♣♣
......................♣♣♣♣♣ ♣.
.......P...#P....i........♣♣♣.
.P.....##.##..†#..............
.#.....##...#h##..............
#...........h@h#..............
#.......##..h.F#..............
.#......##....h?..............
#.....##.................
#......#.....#.#........
######.....##...## ........
.#..#......# ...........#
............


You could see a cane toad and 5 wolves.

Vanquished Creatures
  Josephine (Lair:3)
  Fannar (Lair:1)
  3 hydras
  A centaur warrior (D:11)
  2 two-headed ogres
  A death yak (Lair:4)
  Amaemon (Lair:1)
  2 skysharks (Lair:4)
  Pikel (D:8)
  A wizard (D:11)
  2 bog bodies (Lair:3)
  An oklob plant (Lair:4)
  A cyclops (D:11)
  15 elephants
  5 black mambas
  A torpor snail (Lair:3)
  An orange demon (Lair:1)
  10 cane toads
  Maggie (D:7)
  An unseen horror (D:11)
  Psyche (D:8)
  A kobold demonologist (D:10)
  6 komodo dragons
  A rime drake (shapeshifter) (D:11)
  2 hornets
  2 polar bears
  7 blink frogs
  A shadow (D:11)
  A centaur simulacrum (D:9)
  2 vampires
  4 wraiths (Lair:3)
  5 spriggans (Lair:5)
  24 yaks
  2 wyverns
  3 redbacks (Lair:2)
  2 steam dragons
  2 vampire mosquitoes (D:11)
  2 basilisks (Lair:1)
  2 wargs (D:9)
  Edmund (D:6)
  2 acid dragons
  10 water moccasins
  3 orc warriors
  3 ice beasts
  A black bear (D:7)
  2 sky beasts
  5 wolves
  4 ogres
  A boggart (Lair:5)
  6 centaurs
  A lemure (D:8)
  A phantom (D:5)
  13 bullfrogs
  2 gnoll sergeants (D:11)
  3 scorpions
  6 killer bees (D:9)
  2 howler monkeys (D:9)
  4 hounds
  A jelly (D:7)
  9 orc priests
  2 iguanas
  2 sleepcaps (D:7)
  Terence (D:2)
  16 orc wizards
  A polar bear simulacrum (D:10)
  4 wolf simulacra (D:10)
  6 yak simulacra (D:10)
  Robin (D:3)
  4 adders
  2 shadow imps
  A white imp (D:7)
  An ufetubus (D:6)
  4 worms
  4 dart slugs
  43 orcs
  3 endoplasms
  A giant cockroach (D:1)
  26 goblins
  7 hobgoblins
  2 jackals (D:5)
  3 quokkas
  9 ball pythons
  A bat (D:1)
  A frilled lizard (D:1)
  8 kobolds
  A rat (D:3)
356 creatures vanquished.

Vanquished Creatures (collateral kills)
  2 hydras
  A necromancer (D:10)
  A black mamba (Lair:4)
  3 elephants
  3 cane toads
  A hornet (Lair:5)
  2 blink frogs
  A wraith (D:11)
  5 yaks
  3 basilisks (Lair:2)
  A redback (Lair:2)
  3 water moccasins
  A black bear (Lair:5)
  A centaur (Lair:1)
  A wolf (Lair:5)
  2 bullfrogs
31 creatures vanquished.

Vanquished Creatures (others)
  An ugly thing (D:11)
  A kobold brigand (D:9)
  5 knights
  11 ancestors
  An orc wizard (D:9)
  A jackal (D:5)
  A kobold (D:9)
  A bush (Lair:1)
  11 fungi
  11 plants
44 creatures vanquished.

Grand Total: 431 creatures vanquished

Notes
Turn   | Place    | Note
-------+----------+-------------------------------------------
     0 | D:1      | Newt the Kobold Hunter began the quest for the Orb.
     0 | D:1      | Reached XP level 1. HP: 12/12 MP: 1/1
    74 | D:1      | Reached XP level 2. HP: 18/18 MP: 2/2
   289 | D:1      | Reached XP level 3. HP: 24/24 MP: 3/3
   399 | D:1      | Found a faded altar of an unknown god.
   958 | D:2      | Noticed Terence
   977 | D:2      | Killed Terence
   978 | D:2      | Reached XP level 4. HP: 10/30 MP: 4/4
  1849 | D:2      | Reached skill level 5 in Fighting
  2142 | D:2      | Reached XP level 5. HP: 14/35 MP: 5/5
  2428 | D:3      | Noticed Robin
  2447 | D:3      | Killed Robin
  2449 | D:3      | Reached skill level 6 in Ranged Weapons
  2900 | D:3      | Reached skill level 7 in Ranged Weapons
  2919 | D:3      | Reached XP level 6. HP: 17/40 MP: 6/6
  3125 | D:3      | Identified 2 scrolls of acquirement
  3125 | D:3      | Acquired the +3 warlock's mirror {omnireflect}
  3125 | D:3      | Found the +3 warlock's mirror {omnireflect}
  3127 | D:3      | Acquired 923 gold pieces
  4111 | D:4      | Identified the ring "Giozxul" {rPois Int+3 SInv}
  4573 | D:4      | Reached skill level 8 in Ranged Weapons
  5019 | D:5      | Entered Level 5 of the Dungeon
  5329 | D:5      | Reached XP level 7. HP: 28/44 MP: 7/7
  5333 | D:5      | Reached skill level 9 in Ranged Weapons
  5901 | D:5      | Reached skill level 10 in Ranged Weapons
  6621 | D:6      | Found a shadowy altar of Dithmenos.
  6627 | D:6      | Found a runed translucent gate.
  6627 | D:6      | Found a runed translucent gate.
  6690 | D:6      | Noticed Edmund
  6712 | D:6      | Killed Edmund
  6713 | D:6      | Reached XP level 8. HP: 28/49 MP: 8/8
  7062 | D:6      | Reached skill level 5 in Dodging
  7065 | D:6      | Reached skill level 1 in Shields
  7899 | D:6      | Found a runed translucent gate.
  7988 | D:6      | Found a staircase to the Ecumenical Temple.
  8001 | D:6      | Found a sparkling altar of Nemelex Xobeh.
  8001 | D:6      | Found an opulent altar of Gozag.
  8051 | Temple   | Entered the Ecumenical Temple
  8321 | D:6      | Reached XP level 9. HP: 54/54 MP: 9/9
  8708 | D:7      | Reached skill level 5 in Shields
  8708 | D:7      | Reached skill level 1 in Evocations
  8996 | D:7      | Reached skill level 5 in Evocations
  8999 | D:7      | Noticed Maggie
  9017 | D:7      | Killed Maggie
  9516 | D:7      | Reached skill level 11 in Ranged Weapons
  9982 | D:7      | Reached XP level 10. HP: 59/59 MP: 10/10
 10027 | D:7      | Found an iron altar of Okawaru.
 10030 | D:7      | Found a shimmering altar of Xom.
 10047 | D:7      | Found a glowing golden altar of the Shining One.
 10067 | D:7      | Reached skill level 12 in Ranged Weapons
 10645 | D:8      | Found a transporter.
 10649 | D:8      | Noticed Pikel
 10857 | D:8      | Noticed Psyche
 10867 | D:8      | Reached skill level 13 in Ranged Weapons
 10883 | D:8      | Killed Psyche
 11035 | D:8      | Reached skill level 14 in Ranged Weapons
 11094 | D:8      | Found a hazy altar of Hepliaklqana.
 11175 | D:8      | Became a worshipper of Hepliaklqana the Forgotten
 11361 | D:8      | Killed Pikel
 11771 | D:9      | Found a staircase to the Lair.
 12199 | D:9      | Reached XP level 11. HP: 62/69 MP: 11/11
 12224 | D:9      | Reached skill level 1 in Armour
 12369 | D:9      | Found a staircase to the Orcish Mines.
 12744 | D:9      | Found an ancient bone altar of Kikubaaqudgha.
 12752 | D:9      | Found a shimmering blue altar of Sif Muna.
 12764 | D:9      | Found a radiant altar of Vehumet.
 12810 | D:9      | Reached * piety under Hepliaklqana
 12881 | D:10     | Entered Level 10 of the Dungeon
 13083 | D:10     | Reached skill level 15 in Ranged Weapons
 13382 | D:10     | Noticed a two-headed ogre
 13401 | D:10     | Killed a two-headed ogre
 13582 | D:10     | Found a glowing silver altar of Zin.
 13716 | D:10     | Identified the +6 scimitar of Vavoq {antimagic, Drain rF+++
                  | Int+3 Stlth+}
 13886 | D:10     | Noticed a necromancer
 13895 | D:10     | Killed a necromancer
 13896 | D:10     | Reached skill level 16 in Ranged Weapons
 13896 | D:10     | Reached skill level 1 in Spellcasting
 13896 | D:10     | Reached skill level 1 in Transmutations
 14229 | D:11     | Noticed a two-headed ogre
 14238 | D:11     | Killed a two-headed ogre
 14275 | D:11     | Reached XP level 12. HP: 68/68 MP: 14/16
 14356 | D:11     | Noticed a centaur warrior
 14380 | D:11     | Killed a centaur warrior
 14533 | D:11     | Noticed a stone giant
 14535 | D:11     | Noticed a skeletal warrior
 14536 | D:11     | Noticed a two-headed ogre
 14545 | D:11     | Noticed a centaur warrior
 14561 | D:11     | Reached skill level 5 in Spellcasting
 14571 | D:11     | Reached skill level 5 in Transmutations
 15179 | Lair:1   | Entered Level 1 of the Lair of Beasts
 15205 | Lair:1   | Noticed Fannar
 15250 | Lair:1   | Killed Fannar
 15541 | Lair:1   | Reached ** piety under Hepliaklqana
 15542 | Lair:1   | Remembered your ancestor Audrea as a knight
 15563 | Lair:1   | Noticed Amaemon
 15595 | Lair:1   | Killed Amaemon
 16100 | Lair:1   | Learned a level 2 spell: Wereblood
 16149 | Lair:1   | Reached XP level 13. HP: 48/72 MP: 23/23
 16254 | Lair:1   | Noticed a four-headed hydra
 16268 | Lair:1   | Killed a four-headed hydra
 16276 | Lair:1   | Gained mutation: You do not regenerate when monsters are
                  | visible. [potion of mutation]
 16276 | Lair:1   | Gained mutation: You are partially covered in large bone
                  | plates. (SH +4) [potion of mutation]
 16276 | Lair:1   | Gained mutation: You have hidden genetic potential. [potion
                  | of mutation]
 16970 | Lair:1   | Reached skill level 10 in Dodging
 17156 | Lair:1   | Found a burning altar of Makhleb.
 17276 | Lair:2   | Noticed an eight-headed hydra
 17283 | Lair:2   | Killed an eight-headed hydra
 17301 | Lair:2   | Reached skill level 17 in Ranged Weapons
 17720 | Lair:2   | Reached *** piety under Hepliaklqana
 17765 | Lair:2   | Found a hole to the Spider Nest.
 18565 | Lair:3   | Reached skill level 18 in Ranged Weapons
 18833 | Lair:3   | Found a staircase to the Swamp.
 18964 | Lair:3   | Noticed Josephine
 18978 | Lair:3   | Killed Josephine
 18984 | Lair:3   | Reached skill level 19 in Ranged Weapons
 18987 | Lair:3   | Reached XP level 14. HP: 77/77 MP: 24/24
 19237 | Lair:3   | Gained mutation: You have a pair of small horns on your
                  | head. [hidden potential]
 19497 | Lair:3   | Identified the +5 long sword of Courage {freeze, Str+4}
 19761 | Lair:4   | Acquired 1198 gold pieces
 19971 | Lair:4   | Reached skill level 20 in Ranged Weapons
 19971 | Lair:4   | Reached skill level 1 in Invocations
 20115 | Lair:4   | Reached **** piety under Hepliaklqana
 20297 | Lair:4   | Identified the +3 pair of boots of Fortification {Harm
                  | *Slow Will+ Regen+}
 20433 | Lair:4   | Reached skill level 5 in Invocations
 21111 | Lair:5   | Entered Level 5 of the Lair of Beasts
 21328 | Lair:5   | Mangled by a cane toad

Illustrated notes

Levels and vault maps discovered:
D:1:      minmay_arrival_split_and_join, layout_basic,
          dreamdust_ecumenical_altar_grove
D:2:      cheibrodos_greedy_goblins, layout_loops_ring,
          minmay_misc_feat_ornament, kennysheep_generic_room_3, uniq_terence
D:3:      layout_basic, chequers_serial_rivers_micro_b, uniq_robin
D:4:      wander_river, layout_loops_corners, serial_glass, glass_columns_a,
          glass_columns_c, item_on_display_a, minmay_strange_pillars,
          feat_on_display, minmay_strange_pillars
D:5:      layout_cave_pools
D:6:      layout_loops_ring, grunt_temple_overflow_opulence,
          grunt_dithmenos_smoke, minmay_temple_entry_glass, gammafunk_ghost_icy,
          hangedman_decor_opposing, minmay_circle_x, uniq_edmund
D:7:      minmay_thinvault, layout_gridville, grunt_temple_overflow_open,
          serial_rivers, chequers_serial_rivers_micro_d,
          chequers_serial_rivers_room_b, chequers_serial_rivers_micro_e,
          chequers_serial_rivers_room_a, uniq_maggie
D:8:      layout_basic, mainiacjoe_overflow_concentric_impassable,
          nicolae_diode_basic, uniq_psyche, uniq_pikel
D:9:      layout_loops_ring, palyth_temple_overflow_mages, dpeg_oklobed_lair,
          erik_orc_4
D:10:     layout_small_grid, zin_scriptorium, eino_house_with_fridge
D:11:     minmay_the_grid_square_5x5_4x4 [minmay_the_grid_square_5x5_minibox,
          minmay_the_grid_square_5x5_beaten_path,
          minmay_the_grid_square_5x5_tetrominoes,
          minmay_the_grid_square_5x5_gyroscope,
          minmay_the_grid_square_5x5_checkered_sparse,
          minmay_the_grid_square_5x5_prize_itemx,
          minmay_the_grid_square_5x5_prize_gold,
          minmay_the_grid_square_5x5_pentomino_r,
          minmay_the_grid_square_5x5_hourglass,
          minmay_the_grid_square_5x5_prize_rear_guard,
          minmay_the_grid_square_5x5_prize_monsterx,
          minmay_the_grid_square_5x5_two, minmay_the_grid_square_5x5_mess,
          minmay_the_grid_square_5x5_n,
          minmay_the_grid_square_5x5_fancy_junction,
          minmay_the_grid_square_5x5_inner_i], layout_cave_pools, serial_park,
          serial_park_square2, serial_park_tiny_1, minivault_22
Temple:   minmay_freezing_vapour_temple
Lair:1:   layout_roguey, st_stairs_10, chequers_serial_rivers_room_a,
          minmay_hedge_maze, chequers_serial_rivers_large_a,
          lemuel_centaur_altar, uniq_amaemon, uniq_fannar
Lair:2:   layout_layer_cave, spider_nest_entry_webs
Lair:3:   layout_loops_ring, skrybe_swamp_entry_bodies, uniq_josephine
Lair:4:   layout_regular_city, nzn_random_ring
Lair:5:   minmay_lair_end_enchanted_forest, layout_regular_city,
          dpeg_slime_entry_corner

Skill      XL: |  1  2  3  4  5  6  7  8  9 10 11 12 13 14 |
---------------+-------------------------------------------+-----
Fighting       | 3 4 5 8 9 |  9.0
Ranged Weapons | 7 8 10 11 14 16 19 20 | 20.0
Dodging        | 4 6 10 | 10.0
Shields        | 4 5 |  5.0
Evocations     | 6 |  6.0
Armour         | 4 |  4.0
Spellcasting   | 2 7 |  7.3
Transmutations | 2 7 |  7.3
Invocations    | 8 |  8.1
Stealth        | |  1.3

Action                     |  1- 3 |  4- 6 |  7- 9 | 10-12 | 13-15 || total
---------------------------+-------+-------+-------+-------+-------++-------
   Fire: Shortbow          |    64 |   198 |    38 |       |       ||   300
         Sling             |       |       |   272 |   840 |   662 ||  1774
   Cast: Wereblood         |       |       |       |       |     5 ||     5
 Invoke: Recall Ancestor   |       |       |       |     1 |     2 ||     3
         Ancestor Life: Kn |       |       |       |     1 |       ||     1
  Evoke: Wand              |       |     1 |     6 |     8 |     7 ||    22
    Use: Scroll            |     2 |     5 |    10 |     8 |     9 ||    34
         Potion            |     2 |     2 |     6 |     3 |     1 ||    14
 Armour: Leather armour    |     5 |    41 |    14 |       |       ||    60
         Steam dragon scal |       |       |    17 |    48 |    49 ||   114
  Dodge: Dodged            |    22 |   124 |   143 |   231 |   373 ||   893
  Block: Buckler           |       |       |    62 |   323 |   465 ||   850
         Reflection        |       |       |     6 |    25 |     8 ||    39

Table legend: (Time is in decaauts)
 A = Elapsed time spent in this place.
 B = Non-inter-level travel time spent in this place.
 C = Inter-level travel time spent in this place.
 D = Time resting spent in this place.
 E = Time spent auto-exploring this place.
 F = Levels seen in this place.
 G = Mean time per level.
                   A        B        C        D        E       F      G
               +--------+--------+--------+--------+--------+-----+--------+
         Total |  21095 |  20673 |    422 |   5623 |  12450 |  17 | 1240.9 |
       Dungeon |  15092 |  14786 |    306 |   4670 |   8469 |  11 | 1372.0 |
        Temple |     37 |     37 |      0 |      0 |     32 |   1 |   37.0 |
          Lair |   5965 |   5850 |    115 |    953 |   3949 |   5 | 1193.0 |
               +--------+--------+--------+--------+--------+-----+--------+

Top non-repeatable levels by time:
  Lair:1: 2035 daAuts
     D:7: 2003 daAuts
     D:6: 1998 daAuts
     D:2: 1809 daAuts
    D:10: 1776 daAuts
     D:4: 1451 daAuts
     D:5: 1420 daAuts
  Lair:4: 1332 daAuts
     D:3: 1330 daAuts
     D:9: 1309 daAuts
  Lair:3: 1214 daAuts
  Lair:2: 1190 daAuts
     D:8: 907 daAuts
     D:1: 654 daAuts
    D:11: 430 daAuts
